 Dungeon Crawl Stone Soup version 0.25-a0-1133-g93ebf739aa (webtiles) character file.

Game seed: 18074182459296844245, levelgen mode: deterministic

177 Folvindir the Digger (level 5, -2/28 HPs)
             Began as a Gargoyle Earth Elementalist on May 22, 2020.
             Engulfed by a cloud of blessed fire (19 damage)
             ... on level 3 of the Dungeon.
             The game lasted 00:06:02 (3226 turns).

Folvindir the Digger (Gargoyle Earth Elementalist)  Turns: 3226, Time: 00:06:03

Health: -2/28      AC:  6    Str: 11    XL:     5   Next: 57%
Magic:  10/10      EV: 12    Int: 17    God:
Gold:   228        SH:  0    Dex: 16    Spells: 2/11 levels left

rFire    . . .     SeeInvis .   s - +1 short sword (drain)
rCold    . . .     Gourm    .   (no shield)
rNeg     + . .     Faith    .   c - +0 robe
rPois    ∞         Spirit   .   (no helmet)
rElec    +         Reflect  .   (no cloak)
rCorr    .         Harm     .   (no gloves)
MR       .....                  (no boots)
Stlth    ++........             (no amulet)
HPRegen  0.09/turn              k - +6 ring of dexterity
MPRegen  0.12/turn              (no ring)

@: no status effects
A: negative energy resistance 1, electricity resistance, unbreathing,
petrification resistance, rot immunity, AC +4
a: no special abilities


You were on level 3 of the Dungeon.
You were hungry.

You visited 1 branch of the dungeon, and saw 3 of its levels.

You collected 228 gold pieces.

Inventory:

Hand Weapons
 h - a +0 mace
 p - a +2 dagger of pain
 s - a +1 short sword of draining (weapon)
Missiles
 b - 101 stones (quivered)
Armour
 c - a +0 robe (worn)
Jewellery
 k - a +6 ring of dexterity (left hand)
Scrolls
 a - a scroll of teleportation {unknown}
 f - 3 scrolls of identify
 g - 2 scrolls of immolation
 m - 3 scrolls of remove curse
Potions
 e - 5 potions of curing
 j - a potion of cancellation
 l - 2 potions of berserk rage
 n - 2 potions of stabbing
 q - 2 potions of flight
 r - a potion of brilliance
Comestibles
 d - 4 rations


   Skills:
 - Level 1.5 Dodging
 - Level 2.1 Stealth
 + Level 3.5 Spellcasting
 + Level 2.5 Conjurations
   Level 0.7 Transmutations
 + Level 5.3 Earth Magic


You had 2 spell levels left.
You knew the following spells:

 Your Spells              Type           Power        Failure   Level  Hunger
a - Sandblast             Erth           ###...       1%          1    None
b - Stone Arrow           Conj/Erth      ###...       10%         3    ###....
c - Lee's Rapid Deconstr  Erth           ###.......   45%         5    ######.

Your spell library contained the following spells:

 Spells                   Type           Power        Failure   Level  Hunger
 Passwall                 Tmut/Erth      ##......     8%          2    ##.....
 Summon Small Mammal      Summ           #...         17%         1    None
 Call Imp                 Summ           #.......     26%         2    ##.....
 Petrify                  Tmut/Erth      ##......     43%         4    ####...
 Call Canine Familiar     Summ           #.......     45%         3    ###....
 Summon Guardian Golem    Hex/Summ       #.......     45%         3    ###....
 Summon Ice Beast         Ice/Summ       #.......     86%         4    ####...
 Summon Lightning Spire   Summ/Air       #.......     86%         4    ####...


Dungeon Overview and Level Annotations

Branches:
Dungeon (3/15)

Altars:
Hepliaklqana
Yredelemnul
The Shining One


Innate Abilities, Weirdness & Mutations

You are resistant to torment.
Your stone body is resilient. (AC +4)
You are immune to poison.
You resist negative energy. (rN+)
You are resistant to electric shocks. (rElec)
You can survive without breathing.
You are immune to petrification.
You are immune to rotting.


Message History

There is an open door here.
You see here a kobold skeleton.
There is a shaft here.
Things that are here:
a +0 short sword; a +0 dagger
There is a stone staircase leading up here.
All of the chunks of flesh in your inventory have rotted away.
You are feeling hungry.
There is an open door here.
There is an open door here.
There is an open door here.
The angel shouts!
Really walk into that cloud of blessed fire?
Really walk into a travel-excluded area?
You are engulfed in blessed fire.
You see here a scroll labeled CYHUBAZUGE.
a - a scroll labeled CYHUBAZUGE You are engulfed in blessed fire.
Ouch! That really hurt!
You die...

#.##.#####.#.### ###.#
#.##.......#.########.#
#.########....###A###.#
#.# #.#.########## #.#
###.# #§.§# #.#
####'###._.# ..#
#.....##§.§# ###
#.÷...##...# #
#.....##@.§# #
#.....##...# #
####^....###'### #
#...≈..###.....### #
#.§.≈≈.#.........# #
###§§≈≈≈.#.#.....#.# #
#..§§§≈≈P..###'###.# #
#§#§≈§§§..###...##.# #
#§#§§§≈§..# #○.○##.#


You could see an angel.

Vanquished Creatures
  A hound skeleton (D:3)
  9 adders
  An adder zombie (D:3)
  3 worms
  A dart slug (D:2)
  4 leopard geckos
  2 orcs (D:3)
  4 giant cockroaches
  7 goblins
  4 hobgoblins
  9 jackals
  6 kobolds
  A quokka (D:3)
  2 bats (D:1)
  5 frilled lizards
  A giant cockroach zombie (D:3)
  3 rats
63 creatures vanquished.

Notes
Turn   | Place    | Note
-------+----------+-------------------------------------------
     0 | D:1      | Folvindir the Gargoyle Earth Elementalist began the quest
                  | for the Orb.
     0 | D:1      | Reached XP level 1. HP: 10/10 MP: 3/3
   148 | D:1      | Reached XP level 2. HP: 15/15 MP: 1/5
   196 | D:1      | Reached skill level 4 in Earth Magic
   905 | D:1      | Reached XP level 3. HP: 18/19 MP: 6/6
   910 | D:1      | Learned a level 3 spell: Stone Arrow
  1392 | D:2      | Reached skill level 1 in Conjurations
  1480 | D:2      | Reached XP level 4. HP: 24/24 MP: 5/8
  2123 | D:3      | Reached skill level 5 in Earth Magic
  2129 | D:3      | Reached XP level 5. HP: 17/28 MP: 7/9
  2267 | D:3      | Learned a level 5 spell: Lee's Rapid Deconstruction
  2331 | D:3      | Found a hazy altar of Hepliaklqana.
  3078 | D:3      | Found a glowing golden altar of the Shining One.
  3083 | D:3      | Found a basalt altar of Yredelemnul.
  3085 | D:3      | Noticed a profane servitor
  3219 | D:3      | Noticed an angel
  3226 | D:3      | Engulfed by a cloud of blessed fire

Illustrated notes

Levels and vault maps discovered:
D:1:      sevenhm_arrival_forest_fort_small_3, layout_loops_ring
D:2:      layout_basic, first_ration
D:3:      layout_basic, grunt_temple_overflow_holy_war,
          nicolae_overflow_hidden_temple, serial_undead, serial_undead_f,
          serial_undead_b, serial_undead_b, serial_undead_e, serial_undead_c,
          serial_undead_c, grunt_dithmenos_smoke_and_mirrors

Skill      XL: |  1  2  3  4 |
---------------+-------------+-----
Earth Magic    | 4 5 |  5.3
Conjurations   | 1 2 |  2.5
Spellcasting   | 3 |  3.5
Dodging        | |  1.5
Stealth        | |  2.1
Transmutations | |  0.7

Action                   |  1- 3 |  4- 6 || total
-------------------------+-------+-------++-------
Melee: Unarmed           |    33 |       ||    33
       Dagger            |    23 |    80 ||   103
       Short sword       |     3 |    24 ||    27
 Cast: Sandblast         |    32 |    25 ||    57
  Use: Scroll            |       |    10 ||    10
 Stab: Sleeping          |       |     2 ||     2
  Eat: Chunk             |     2 |     5 ||     7
Armor: Robe              |    31 |    31 ||    62
Dodge: Dodged            |    56 |    82 ||   138

Table legend:
 A = Non-vault XP
 B = Vault XP
 C = Vault XP percentage of total XP
 D = Non-vault monster count
 E = Vault monster count
 F = Vault count percentage of total count
                 A         B        C        D         E       F
            +---------+---------+-------+---------+---------+-------
      Total |     228 |      25 |   9.9 |      60 |       3 |   4.8
            +---------+---------+-------+---------+---------+-------
        D:1 |      36 |       0 |   0.0 |      19 |       0 |   0.0
        D:2 |      75 |       0 |   0.0 |      17 |       0 |   0.0
        D:3 |     117 |      25 |  17.6 |      24 |       3 |  11.1
            +---------+---------+-------+---------+---------+-------
